 Dungeon Crawl Stone Soup version 0.19.1 (webtiles) character file.

280 Patate the Skirmisher (level 6, -5/40 HPs)
             Began as a Gargoyle Fighter on Dec 5, 2016.
             Was a Follower of Okawaru.
             Slain by a gnoll
             ... wielding a +0 halberd
              (6 damage)
             ... on level 4 of the Dungeon.
             The game lasted 00:08:41 (3110 turns).

Patate the Skirmisher (Gargoyle Fighter)            Turns: 3110, Time: 00:08:42

Health: -5/40      AC: 11    Str: 21    XL:     6   Next: 27%
Magic:  6/6        EV:  7    Int:  9    God:    Okawaru [*.....]
Gold:   113        SH:  9    Dex:  9    Spells: 0 memorised, 5 levels left

rFire  . . .     SeeInvis .     a - +1 flail
rCold  + . .     Gourm    .     b - +0 scale mail
rNeg   + . .     Faith    .     c - +0 shield
rPois  ∞         Spirit   .     (no helmet)
rElec  +         Reflect  .     (no cloak)
rCorr  .         Harm     .     (no gloves)
MR     .....                    (no boots)
Stlth  ..........               (no amulet)
                                (no ring)
                                i - ring of protection from cold

@: no status effects
A: negative energy resistance 1, electricity resistance, unbreathing,
petrification resistance, rot immunity, AC +4
a: Heroism, Renounce Religion


You were on level 4 of the Dungeon.
You worshipped Okawaru.
Okawaru was aware of your devotion.
You were hungry.

You visited 2 branches of the dungeon, and saw 5 of its levels.

You collected 113 gold pieces.

Inventory:

Hand Weapons
 a - a +1 flail (weapon)
Armour
 b - a +0 scale mail (worn)
 c - a +0 shield (worn)
Jewellery
 i - a ring of protection from cold (left hand)
Scrolls
 g - 3 scrolls of magic mapping
 k - a scroll of teleportation
 n - a scroll of noise {unknown}
 q - 2 scrolls of fear
 r - a scroll of fog
Potions
 e - 2 potions of resistance
 l - 2 potions of brilliance
 m - a potion of flight
 o - a potion of agility {unknown}
 p - a potion of lignification {unknown}
Comestibles
 d - 3 chunks of flesh
 f - 2 bread rations
 h - 2 meat rations
 j - a beef jerky


   Skills:
 * Level 5.5 Fighting
 + Level 3.8 Maces & Flails
 + Level 4.6 Armour
 - Level 3.2 Shields


You had 5 spell levels left.
You didn't know any spells.

Dungeon Overview and Level Annotations

Branches:
Dungeon (4/15)             Temple (1/1) D:4

Altars:
Dithmenos
Elyvilon
Fedhas
Gozag
Hepliaklqana
Kikubaaqudgha
Makhleb
Nemelex Xobeh
Okawaru
Qazlal
Ru
Sif Muna
Trog
Vehumet
Yredelemnul
The Shining One

Annotations:
D:2 Purgy


Innate Abilities, Weirdness & Mutations

You are resistant to torment.
Your stone body is resilient. (AC +4)
You are immune to poison.
You resist negative energy. (rN+)
You are resistant to electric shocks. (rElec)
You can survive without breathing.
You are immune to petrification.
You are immune to rotting.


Message History

You barely miss the gnoll.
The gnoll is heavily wounded.
The gnoll hits you but does no damage.
You barely miss the gnoll.
The gnoll is heavily wounded.
The gnoll hits you with a halberd!
* * * LOW HITPOINT WARNING * * *
You barely miss the gnoll.
The gnoll is heavily wounded.
The gnoll barely misses you.
You hit the gnoll but do no damage.
The gnoll is heavily wounded.
You are feeling hungry.
You block the gnoll's attack.
The gnoll hits you from afar with a halberd.
* * * LOW HITPOINT WARNING * * *
Okay, then.
There is a staircase to the Ecumenical Temple here.
The gnoll hits you from afar with a halberd.
You die...

######### . #.......#
.. #.......# ... #
###.......# #..#.
#...##..#####
#....####.#####.....#
##.#......!#####.....#
#.............<......#
.....#.###....@......#
....... #.......(...#
......# #.)..g......#
...... #...)..#....#
..#.## #......#....# #
#. #......#....# #
#......#(...#
#......##.###
#.......#...#


You could see a gnoll.

Vanquished Creatures
  An ogre (D:4)
  A scorpion (D:4)
  A worker ant (D:3)
  4 gnolls
  2 adders
  An adder skeleton (D:4)
  2 dart slugs (D:3)
  3 leopard geckos
  4 orcs
  6 bats
  6 giant cockroaches
  6 goblins
  4 hobgoblins
  A quokka (D:4)
  5 frilled lizards
  8 kobolds
  6 rats
61 creatures vanquished.

Notes
Turn   | Place    | Note
-------+----------+-------------------------------------------
     0 | D:1      | Patate the Gargoyle Fighter began the quest for the Orb.
     0 | D:1      | Reached XP level 1. HP: 14/14 MP: 1/1
   134 | D:1      | Reached XP level 2. HP: 19/20 MP: 2/2
   587 | D:2      | Reached XP level 3. HP: 24/24 MP: 3/3
   896 | D:2      | Found a sacrificial altar of Ru.
  1508 | D:3      | Reached skill level 4 in Fighting
  1727 | D:3      | Noticed Purgy
  2242 | D:3      | Reached XP level 4. HP: 25/29 MP: 4/4
  2555 | D:4      | Found a staircase to the Ecumenical Temple.
  2562 | Temple   | Entered the Ecumenical Temple
  2708 | Temple   | Became a worshipper of Warmaster Okawaru
  2796 | D:4      | Reached XP level 5. HP: 29/34 MP: 5/5
  2857 | D:4      | Noticed an ogre
  2864 | D:4      | Killed an ogre
  2864 | D:4      | Reached skill level 5 in Fighting
  2864 | D:4      | Reached XP level 6. HP: 40/40 MP: 6/6
  2917 | D:3      | Reached * piety under Okawaru
  3104 | D:4      | HP: 1/40 [gnoll/halberd (4)]
  3110 | D:4      | Slain by a gnoll

Skill      XL: |  1  2  3  4  5 |
---------------+----------------+-----
Maces & Flails | 3 |  3.8
Fighting       | 4 5 |  5.5
Armour         | 4 |  4.6
Shields        | |  3.2

Action                   |  1- 3 |  4- 6 || total
-------------------------+-------+-------++-------
Melee: Flail             |   178 |    96 ||   274
  Use: Scroll            |    12 |     1 ||    13
       Potion            |     1 |       ||     1
  Eat: Chunk             |     5 |     2 ||     7
Armor: Scale mail        |   130 |    55 ||   185
Dodge: Dodged            |    71 |    37 ||   108
Block: Shield            |   125 |    60 ||   185
